Blues vs BlackHawks

Created - October 14, 2016 at 17:06

Goals
1 2 3 T
Blues 2 1 0 3
BlackHawks 2 1 2 5
Shots
1 2 3 T
Blues 11 14 14 39
BlackHawks 9 9 12 30

1st period

1. Blues , Cal Clutterbuck 1 (Nick Cousins, Jay Bouwmeester) at 7:48
2. BlackHawks , Jack Eichel 1 (Adam McQuaid, Alex Galchenyuk) at 8:26
3. Blues , Clarke MacArthur 1 (Mark Borowiecki, Nick Cousins) at 8:45
4. BlackHawks , Ryan OReilly 1 (Artemi Panarin, John Klingberg) at 14:11

Penalties :
Brandon Bollig (CHI) for Elbowing (Minor) at 1:11, Johnny Boychuk (STL) for Tripping (Minor) at 15:51

2nd period

5. Blues , Nick Cousins 1 (Matt Irwin, Jakub Kindl) at 6:13
6. BlackHawks , Michael McCarron 1 (Jack Eichel, Alex Galchenyuk) at 7:00

Penalties :
Mike Fisher (STL) for Holding Stick (Minor) at 7:27, Michael Raffl (STL) for Hooking (Minor) at 11:14, Adam McQuaid (CHI) for Hooking (Minor) at 13:28, Adam McQuaid (CHI) for Spearing (Major / Game Misconduct) at 18:41

3rd period

7. BlackHawks , Ryan OReilly 2 (Artemi Panarin, John Klingberg) at 11:46 (PP)
8. BlackHawks , Jason Chimera 1 (John Klingberg, Tom Wilson) at 13:49 (PP)

Penalties :
Johnny Boychuk (STL) for Hooking (Minor) at 6:29, Mark Borowiecki (STL) for Holding (Minor) at 9:57, Adam Cracknell (STL) for Holding (Minor) at 13:41, Michael McCarron (CHI) for Interference (Minor) at 17:33, Jussi Jokinen (STL) for Roughing (Minor) at 17:33

Goalie Stats

Antti Niemi (STL), 25 saves from 30 shots - (0.833), L, 0-2-0, 60:00 minutes
Craig Anderson (CHI), 36 saves from 39 shots - (0.923), W, 1-1-0, 60:00 minutes

Players Stats for Blues

Player Name              G  A  P  +/- PIM S  H  SB GA TA FO     MP     PP MP  PK MP  
------------------------------------------------------------------------------------
Adam Cracknell           0  0  0   0  2   0  0  0  0  0  0/0     5:06   0:00   0:30 
Cal Clutterbuck          1  0  1   2  0   3  3  0  0  0  0/1    12:54   0:00   0:00 
Clarke MacArthur         1  0  1   2  0   2  0  0  0  0  0/0     2:05   0:00   0:00 
Jakub Kindl              0  1  1   0  0   1  3  0  0  0  0/0    15:06   4:03   0:15 
Jay Bouwmeester          0  1  1  -1  0   2  1  1  0  0  0/0    25:50   4:54   3:55 
Jay McClement            0  0  0   0  0   4  1  0  0  0  11/18  17:46   0:00   4:39 
Jiri Hudler              0  0  0  -2  0   4  0  0  0  0  0/0    17:08   4:30   0:27 
Johnny Boychuk           0  0  0  -1  4   2  2  3  0  0  0/0    24:17   4:54   2:24 
Jussi Jokinen            0  0  0  -2  2   5  2  0  0  0  13/25  19:55   4:30   3:51 
Marian Hossa             0  0  0   0  0   1  2  0  0  0  1/2    23:44   4:27   5:35 
Mark Borowiecki          0  1  1   1  2   0  2  0  0  0  0/0    18:03   0:00   3:54 
Matt Carle               0  0  0   1  0   1  1  0  0  0  0/0    19:31   4:03   3:35 
Matt Irwin               0  1  1   0  0   2  0  1  0  0  0/0    17:10   0:00   5:43 
Michael Raffl            0  0  0  -2  2   2  4  0  0  0  0/3    14:50   4:30   0:00 
Mike Fisher              0  0  0   0  2   3  4  0  0  0  6/17   15:45   4:27   0:00 
Nick Cousins             1  2  3   2  0   4  1  1  0  0  6/18   12:54   0:00   0:00 
Rick Nash                0  0  0   0  0   3  1  1  0  0  1/8    21:20   4:27   4:44 
Rob Klinkhammer          0  0  0   0  0   0  2  0  0  0  0/0     4:37   0:00   0:00 

Players Stats for BlackHawks

Player Name              G  A  P  +/- PIM S  H  SB GA TA FO     MP     PP MP  PK MP  
------------------------------------------------------------------------------------
Adam McQuaid             0  1  1   2  17  1  3  1  0  0  0/0     9:18   0:00   0:53 
Alex Galchenyuk          0  2  2   1  0   3  1  0  0  0  1/4    19:36   5:23   0:12 
Artemi Panarin           0  2  2   1  0   3  1  0  0  0  2/3    18:38   5:31   0:00 
Brandon Bollig           0  0  0  -1  2   1  1  0  0  0  3/12    8:43   0:00   0:00 
Deryk Engelland          0  0  0  -1  0   1  0  0  0  0  0/0     7:24   0:00   0:08 
Dion Phaneuf             0  0  0  -1  0   0  7  1  0  0  0/0    26:01   5:10   5:14 
Jack Eichel              1  1  2   1  0   3  0  0  0  0  18/27  17:40   4:22   0:00 
Jake Virtanen            0  0  0  -1  0   0  0  0  0  0  1/1     6:22   0:21   0:00 
Jason Chimera            1  0  1  -1  0   4  0  0  0  0  0/0    13:14   4:30   0:00 
Jason Demers             0  0  0  -1  0   1  1  2  0  0  0/0    19:02   4:09   2:27 
John Klingberg           0  3  3  -1  0   3  0  3  0  0  0/0    23:50   5:44   2:28 
John-Michael Liles       0  0  0   2  0   1  0  2  0  0  0/0    18:51   4:09   1:10 
Michael McCarron         1  0  1   1  2   2  1  0  0  0  0/0    16:10   0:00   3:31 
Ryan OReilly             2  0  2   1  0   5  0  1  0  0  24/37  23:13   5:23   5:26 
Tom Wilson               0  1  1   1  0   2  2  0  0  0  0/0    21:09   4:09   5:14 
Trevor Lewis             0  0  0  -1  0   0  0  0  0  0  5/8     9:32   0:00   3:31 
Willie Mitchell          0  0  0  -1  0   0  2  5  0  0  0/0    21:33   0:34   5:34 
Zack Kassian             0  0  0  -1  0   0  0  0  0  0  0/0     8:44   0:00   0:00 

3 Stars

1 - Nick Cousins (STL)
2 - Ryan OReilly (CHI)
3 - Cal Clutterbuck (STL)

Power Play

Blues - 0 on 3 Attempt(s) - 0.00%
BlackHawks - 2 on 6 Attempt(s) - 33.33%

Penalty Kill

Blues - 4 on 6 Attempt(s) - 66.67% - Score 0 goal in Penalty Kill
BlackHawks - 3 on 3 Attempt(s) - 100.00% - Score 0 goal in Penalty Kill

Team Stat

Blues - Hits : 29 - Faceoff Wins : 38 - Blocked Shots : 7 - Penalty Minutes : 14
BlackHawks - Hits : 19 - Faceoff Wins : 54 - Blocked Shots : 15 - Penalty Minutes : 21

Official

Referees : Brad Watson and Dennis LaRue
Linesman : Shandor Alphonso and Brian Murphy

Game Notes

Clarke MacArthur is injured at 12:19 of 1st period (Right Foot)
Adam McQuaid ejected from game at 18:41 of 2nd period

Finance

Level 1 -- Attendance: 5915 (91.00%) -- Ticket Income $656,565
Level 2 -- Attendance: 4703 (94.06%) -- Ticket Income $352,725
Level 3 -- Attendance: 3286 (93.89%) -- Ticket Income $180,730
Level 4 -- Attendance: 2519 (67.77%) -- Ticket Income $93,203
Luxury Box -- Attendance: 886 (88.60%) -- Ticket Income $176,314
Game was played at the United Center.
Total Attendance: 17309 (87.79%)
Total Ticket Income: $1,459,537
Other Income: $218,931
Total Income: $1,678,468

% Time on Ice - Blues

Lines # - Real PCT - Wanted PCT - Time Play
Normal Forward
1 - 29% - 32% - 11:19
2 - 26% - 29% - 10:21
3 - 33% - 26% - 12:54
4 - 12% - 13% - 4:37
Normal Defense
1 - 41% - 40% - 16:11
2 - 31% - 35% - 12:12
3 - 28% - 25% - 10:48
4 - 0% - 0% - 0:00
PP Forward
1 - 50% - 51% - 4:27
2 - 50% - 49% - 4:30
PP Defense
1 - 55% - 62% - 4:54
2 - 45% - 38% - 4:03
PK Forward
1 - 47% - 50% - 4:39
2 - 53% - 50% - 5:14
PK Defense
1 - 42% - 51% - 4:10
2 - 58% - 49% - 5:43
PK3 Forward
1 - 0% - 51%
2 - 0% - 49%
PK3 Defense
1 - 0% - 51%
2 - 0% - 49%
44 Forward
1 - 42% - 51% - 0:50
2 - 58% - 49% - 1:09
44 Defense
1 - 42% - 51% - 0:50
2 - 58% - 49% - 1:09
Last Minute Offensive  - 0:00
Last Minute Defensive  - 0:00
Total
Forward - 60:00
Defense - 60:00

% Time on Ice - BlackHawks

Lines # - Real PCT - Wanted PCT - Time Play
Normal Forward
1 - 30% - 33% - 11:46
2 - 32% - 32% - 12:40
3 - 22% - 20% - 8:44
4 - 15% - 15% - 6:01
Normal Defense
1 - 32% - 37% - 12:27
2 - 30% - 34% - 11:37
3 - 35% - 29% - 13:51
4 - 3% - 0% - 1:16
PP Forward
1 - 54% - 70% - 5:23
2 - 46% - 30% - 4:30
PP Defense
1 - 58% - 70% - 5:44
2 - 42% - 30% - 4:09
PK Forward
1 - 61% - 55% - 5:26
2 - 39% - 45% - 3:31
PK Defense
1 - 26% - 50% - 2:19
2 - 74% - 50% - 6:38
PK3 Forward
1 - 0% - 50%
2 - 0% - 50%
PK3 Defense
1 - 0% - 55%
2 - 0% - 45%
44 Forward
1 - 68% - 55% - 1:21
2 - 32% - 45% - 0:38
44 Defense
1 - 68% - 55% - 1:21
2 - 32% - 45% - 0:38
Last Minute Offensive  - 0:00
Last Minute Defensive  - 0:00
Total
Forward - 60:00
Defense - 60:00

Play by Play

1st period


0:01 of 1st period - Ryan OReilly wins face-off versus Mike Fisher in neutral zone.
0:18 of 1st period - Shot by Marian Hossa.
0:18 of 1st period - Shot Blocked by John Klingberg.
0:22 of 1st period - Shot by Marian Hossa.
0:22 of 1st period - Stopped by Craig Anderson without a rebound.
0:23 of 1st period - Jussi Jokinen wins face-off versus Alex Galchenyuk in BlackHawks zone.
0:43 of 1st period - Off-side.
0:44 of 1st period - Nick Cousins wins face-off versus Brandon Bollig in neutral zone.
0:46 of 1st period - Jakub Kindl is hit by Adam McQuaid and loses puck.
1:11 of 1st period - Minor Penalty to Brandon Bollig for Elbowing.
1:12 of 1st period - Ryan OReilly wins face-off versus Marian Hossa in BlackHawks zone.
1:28 of 1st period - Shot by Johnny Boychuk.
1:28 of 1st period - Stopped by Craig Anderson without a rebound.
1:29 of 1st period - Trevor Lewis wins face-off versus Jussi Jokinen in BlackHawks zone.
1:29 of 1st period - Trevor Lewis is hit by Michael Raffl.
1:55 of 1st period - Shot by Jussi Jokinen.
1:55 of 1st period - Shot Misses the Net.
2:07 of 1st period - Shot by Jakub Kindl.
2:07 of 1st period - Shot Blocked by Adam McQuaid.
2:41 of 1st period - Shot by Jay Bouwmeester.
2:41 of 1st period - Shot Misses the Net.
3:16 of 1st period - Icing by Adam Cracknell.
3:17 of 1st period - Jay McClement wins face-off versus Brandon Bollig in Blues zone.
3:24 of 1st period - Rob Klinkhammer is hit by Brandon Bollig and loses puck.
6:06 of 1st period - Rick Nash is hit by Jason Demers.
6:15 of 1st period - Willie Mitchell is hit by Jakub Kindl and loses puck.
6:20 of 1st period - Shot by Deryk Engelland.
6:20 of 1st period - Stopped by Antti Niemi with a rebound.
6:27 of 1st period - Trevor Lewis is hit by Jakub Kindl.
7:20 of 1st period - Shot by Ryan OReilly.
7:20 of 1st period - Shot Blocked by Matt Irwin.
7:26 of 1st period - Shot by Tom Wilson.
7:26 of 1st period - Shot Misses the Net.
7:28 of 1st period - Shot by Tom Wilson.
7:28 of 1st period - Stopped by Antti Niemi without a rebound.
7:29 of 1st period - Jack Eichel wins face-off versus Nick Cousins in Blues zone.
7:32 of 1st period - Shot by Alex Galchenyuk.
7:32 of 1st period - Shot Misses the Net.
7:48 of 1st period - Shot by Nick Cousins.
7:48 of 1st period - Deflect By Cal Clutterbuck.
7:48 of 1st period - Goal by Cal Clutterbuck - Blues : 1 - BlackHawks : 0.
7:49 of 1st period - Ryan OReilly wins face-off versus Michael Raffl in neutral zone.
7:51 of 1st period - Off-side.
7:52 of 1st period - Ryan OReilly wins face-off versus Jussi Jokinen in neutral zone.
8:01 of 1st period - Shot by Artemi Panarin.
8:01 of 1st period - Deflect By Ryan OReilly.
8:01 of 1st period - Shot Blocked by Johnny Boychuk.
8:03 of 1st period - Shot by Jason Demers.
8:03 of 1st period - Shot Hit the Post.
8:16 of 1st period - Icing by Johnny Boychuk.
8:17 of 1st period - Jack Eichel wins face-off versus Jussi Jokinen in Blues zone.
8:26 of 1st period - Shot by Jack Eichel.
8:26 of 1st period - Goal by Jack Eichel - Blues : 1 - BlackHawks : 1.
8:27 of 1st period - Nick Cousins wins face-off versus Trevor Lewis in neutral zone.
8:30 of 1st period - Willie Mitchell is hit by Cal Clutterbuck and loses puck.
8:41 of 1st period - Shot by Nick Cousins.
8:41 of 1st period - Shot Blocked by Willie Mitchell.
8:45 of 1st period - Shot by Clarke MacArthur.
8:45 of 1st period - Goal by Clarke MacArthur - Blues : 2 - BlackHawks : 1.
8:46 of 1st period - Jussi Jokinen wins face-off versus Ryan OReilly in neutral zone.
8:49 of 1st period - Shot by Jussi Jokinen.
8:49 of 1st period - Stopped by Craig Anderson without a rebound.
8:50 of 1st period - Artemi Panarin wins face-off versus Nick Cousins in BlackHawks zone.
8:57 of 1st period - Shot by Artemi Panarin.
8:57 of 1st period - Stopped by Antti Niemi without a rebound.
8:58 of 1st period - Nick Cousins wins face-off versus Ryan OReilly in Blues zone.
9:06 of 1st period - Nick Cousins is hit by Willie Mitchell and loses puck.
9:10 of 1st period - Nick Cousins is hit by Willie Mitchell and loses puck.
9:13 of 1st period - Shot by Cal Clutterbuck.
9:13 of 1st period - Shot Blocked by John Klingberg.
9:33 of 1st period - Shot by Clarke MacArthur.
9:33 of 1st period - Stopped by Craig Anderson without a rebound.
9:34 of 1st period - Jack Eichel wins face-off versus Michael Raffl in BlackHawks zone.
9:34 of 1st period - Jack Eichel is hit by Michael Raffl.
9:42 of 1st period - Jason Demers is hit by Jussi Jokinen and loses puck.
10:11 of 1st period - Shot by Jussi Jokinen.
10:11 of 1st period - Shot Blocked by Dion Phaneuf.
10:13 of 1st period - Shot by Jiri Hudler.
10:13 of 1st period - Shot Misses the Net.
11:28 of 1st period - Icing by Marian Hossa.
11:29 of 1st period - Trevor Lewis wins face-off versus Mike Fisher in Blues zone.
12:18 of 1st period - Clarke MacArthur is hit by Adam McQuaid and loses puck.
12:19 of 1st period - Clarke MacArthur from Blues is injured at 12:19 of 1st period (Right Foot).
12:20 of 1st period - Jussi Jokinen wins face-off versus Brandon Bollig in BlackHawks zone.
12:55 of 1st period - Shot by Matt Carle.
12:55 of 1st period - Shot Misses the Net.
13:01 of 1st period - Shot by Jiri Hudler.
13:01 of 1st period - Shot Misses the Net.
13:16 of 1st period - Icing by Jakub Kindl.
13:17 of 1st period - Jack Eichel wins face-off versus Nick Cousins in Blues zone.
13:22 of 1st period - Shot by Alex Galchenyuk.
13:22 of 1st period - Stopped by Antti Niemi without a rebound.
13:23 of 1st period - Jack Eichel wins face-off versus Nick Cousins in Blues zone.
13:32 of 1st period - Shot by Nick Cousins.
13:32 of 1st period - Deflect By Jay McClement.
13:32 of 1st period - Stopped by Craig Anderson without a rebound.
13:33 of 1st period - Ryan OReilly wins face-off versus Jay McClement in BlackHawks zone.
13:39 of 1st period - Off-side.
13:40 of 1st period - Jay McClement wins face-off versus Alex Galchenyuk in neutral zone.
13:45 of 1st period - Shot by Nick Cousins.
13:45 of 1st period - Deflect By Cal Clutterbuck.
13:45 of 1st period - Stopped by Craig Anderson without a rebound.
13:46 of 1st period - Ryan OReilly wins face-off versus Nick Cousins in BlackHawks zone.
14:00 of 1st period - Icing by John Klingberg.
14:01 of 1st period - Ryan OReilly wins face-off versus Michael Raffl in BlackHawks zone.
14:11 of 1st period - Shot by Ryan OReilly.
14:11 of 1st period - Goal by Ryan OReilly - Blues : 2 - BlackHawks : 2.
14:12 of 1st period - Jack Eichel wins face-off versus Nick Cousins in neutral zone.
14:29 of 1st period - Nick Cousins is hit by Dion Phaneuf and loses puck.
14:34 of 1st period - Shot by Cal Clutterbuck.
14:34 of 1st period - Deflect By Nick Cousins.
14:34 of 1st period - Stopped by Craig Anderson without a rebound.
14:35 of 1st period - Mike Fisher wins face-off versus Ryan OReilly in BlackHawks zone.
14:50 of 1st period - Rick Nash is hit by Tom Wilson and loses puck.
15:37 of 1st period - Jason Demers is hit by Johnny Boychuk and loses puck.
15:46 of 1st period - Shot by Alex Galchenyuk.
15:46 of 1st period - Deflect By Jack Eichel.
15:46 of 1st period - Stopped by Antti Niemi with a rebound.
15:51 of 1st period - Minor Penalty to Johnny Boychuk for Tripping.
15:52 of 1st period - Jay McClement wins face-off versus Jack Eichel in Blues zone.
17:38 of 1st period - Icing by Jake Virtanen.
17:39 of 1st period - Jake Virtanen wins face-off versus Rick Nash in BlackHawks zone.
17:57 of 1st period - Shot by Jiri Hudler.
17:57 of 1st period - Shot Misses the Net.
17:59 of 1st period - Shot by Nick Cousins.
17:59 of 1st period - Shot Blocked by Willie Mitchell.
18:01 of 1st period - Shot by Cal Clutterbuck.
18:01 of 1st period - Shot Blocked by Willie Mitchell.
18:21 of 1st period - Shot by Johnny Boychuk.
18:21 of 1st period - Shot Misses the Net.
18:59 of 1st period - Shot by Jay McClement.
18:59 of 1st period - Stopped by Craig Anderson without a rebound.
19:00 of 1st period - Mike Fisher wins face-off versus Ryan OReilly in BlackHawks zone.
19:09 of 1st period - Shot by Rick Nash.
19:09 of 1st period - Stopped by Craig Anderson without a rebound.
19:10 of 1st period - Jussi Jokinen wins face-off versus Jack Eichel in BlackHawks zone.
19:21 of 1st period - Shot by Jussi Jokinen.
19:21 of 1st period - Shot Misses the Net.
19:32 of 1st period - Off-side.
19:33 of 1st period - Ryan OReilly wins face-off versus Nick Cousins in neutral zone.
19:43 of 1st period - Jason Demers is hit by Jakub Kindl and loses puck.
19:48 of 1st period - Shot by Ryan OReilly.
19:48 of 1st period - Stopped by Antti Niemi without a rebound.
19:49 of 1st period - Jack Eichel wins face-off versus Mike Fisher in Blues zone.
19:52 of 1st period - Shot by Alex Galchenyuk.
19:52 of 1st period - Stopped by Antti Niemi with a rebound.
Goals for this period are 2 for Blues vs 2 for BlackHawks.
Shots for this period are 11 for Blues vs 9 for BlackHawks.

2nd period


0:01 of 2nd period - Jussi Jokinen wins face-off versus Jack Eichel in neutral zone.
0:03 of 2nd period - Jiri Hudler is hit by Dion Phaneuf.
0:05 of 2nd period - Shot by Michael Raffl.
0:05 of 2nd period - Stopped by Craig Anderson with a rebound.
0:07 of 2nd period - Shot by Jussi Jokinen.
0:07 of 2nd period - Shot Misses the Net.
0:11 of 2nd period - Shot by Jussi Jokinen.
0:11 of 2nd period - Shot Misses the Net.
0:13 of 2nd period - Shot by Jussi Jokinen.
0:13 of 2nd period - The goal is going for a video replay.
0:13 of 2nd period - The goal is refused.
0:14 of 2nd period - Ryan OReilly wins face-off versus Nick Cousins in BlackHawks zone.
0:53 of 2nd period - Shot by Nick Cousins.
0:53 of 2nd period - Stopped by Craig Anderson without a rebound.
0:54 of 2nd period - Jussi Jokinen wins face-off versus Jack Eichel in BlackHawks zone.
0:54 of 2nd period - Jussi Jokinen is hit by Dion Phaneuf.
1:44 of 2nd period - Icing by Jason Demers.
1:45 of 2nd period - Jack Eichel wins face-off versus Mike Fisher in BlackHawks zone.
2:00 of 2nd period - Shot by Rick Nash.
2:00 of 2nd period - Stopped by Craig Anderson without a rebound.
2:01 of 2nd period - Brandon Bollig wins face-off versus Jay McClement in BlackHawks zone.
2:01 of 2nd period - Brandon Bollig is hit by Rob Klinkhammer.
2:10 of 2nd period - Icing by Jakub Kindl.
2:11 of 2nd period - Jay McClement wins face-off versus Ryan OReilly in Blues zone.
3:08 of 2nd period - John Klingberg is hit by Rob Klinkhammer and loses puck.
3:23 of 2nd period - Shot by Brandon Bollig.
3:23 of 2nd period - Stopped by Antti Niemi with a rebound.
3:40 of 2nd period - Shot by Jason Chimera.
3:40 of 2nd period - Stopped by Antti Niemi without a rebound.
3:41 of 2nd period - Jussi Jokinen wins face-off versus Jack Eichel in Blues zone.
3:53 of 2nd period - Off-side.
3:54 of 2nd period - Trevor Lewis wins face-off versus Mike Fisher in neutral zone.
3:54 of 2nd period - Trevor Lewis is hit by Mike Fisher.
4:34 of 2nd period - Shot by Trevor Lewis.
4:34 of 2nd period - Shot Misses the Net.
4:44 of 2nd period - John Klingberg is hit by Mike Fisher and loses puck.
5:22 of 2nd period - Shot by Alex Galchenyuk.
5:22 of 2nd period - Shot Misses the Net.
5:36 of 2nd period - Icing by Ryan OReilly.
5:37 of 2nd period - Ryan OReilly wins face-off versus Jussi Jokinen in BlackHawks zone.
5:43 of 2nd period - Tom Wilson is hit by Mark Borowiecki and loses puck.
5:50 of 2nd period - Shot by Artemi Panarin.
5:50 of 2nd period - Shot Misses the Net.
5:54 of 2nd period - Shot by Ryan OReilly.
5:54 of 2nd period - Stopped by Antti Niemi without a rebound.
5:55 of 2nd period - Nick Cousins wins face-off versus Brandon Bollig in Blues zone.
6:13 of 2nd period - Shot by Nick Cousins.
6:13 of 2nd period - Goal by Nick Cousins - Blues : 3 - BlackHawks : 2.
6:14 of 2nd period - Jussi Jokinen wins face-off versus Ryan OReilly in neutral zone.
6:25 of 2nd period - Michael Raffl is hit by Tom Wilson and loses puck.
6:29 of 2nd period - Off-side.
6:30 of 2nd period - Jack Eichel wins face-off versus Nick Cousins in neutral zone.
6:35 of 2nd period - Jakub Kindl is hit by Michael McCarron and loses puck.
6:40 of 2nd period - Shot by Alex Galchenyuk.
6:40 of 2nd period - Shot Misses the Net.
6:42 of 2nd period - Shot by Jack Eichel.
6:42 of 2nd period - Deflect By Alex Galchenyuk.
6:42 of 2nd period - Shot Blocked by Nick Cousins.
6:44 of 2nd period - Shot by Adam McQuaid.
6:44 of 2nd period - Stopped by Antti Niemi with a rebound.
7:00 of 2nd period - Shot by Michael McCarron.
7:00 of 2nd period - Goal by Michael McCarron - Blues : 3 - BlackHawks : 3.
7:01 of 2nd period - Ryan OReilly wins face-off versus Jussi Jokinen in neutral zone.
7:22 of 2nd period - Shot by Jussi Jokinen.
7:22 of 2nd period - Stopped by Craig Anderson without a rebound.
7:23 of 2nd period - Marian Hossa wins face-off versus Brandon Bollig in BlackHawks zone.
7:27 of 2nd period - Minor Penalty to Mike Fisher for Holding Stick.
7:28 of 2nd period - Ryan OReilly wins face-off versus Jay McClement in Blues zone.
7:42 of 2nd period - Mark Borowiecki is hit by Dion Phaneuf and loses puck.
8:02 of 2nd period - Icing by Dion Phaneuf.
8:03 of 2nd period - Ryan OReilly wins face-off versus Jay McClement in BlackHawks zone.
8:12 of 2nd period - Marian Hossa is hit by Artemi Panarin and loses puck.
8:21 of 2nd period - Shot by Ryan OReilly.
8:21 of 2nd period - Shot Misses the Net.
8:23 of 2nd period - Shot by John Klingberg.
8:23 of 2nd period - Stopped by Antti Niemi without a rebound.
8:24 of 2nd period - Jack Eichel wins face-off versus Rick Nash in Blues zone.
9:35 of 2nd period - Shot by Trevor Lewis.
9:35 of 2nd period - Shot Misses the Net.
10:37 of 2nd period - Shot by Jussi Jokinen.
10:37 of 2nd period - Shot Misses the Net.
10:39 of 2nd period - Shot by Johnny Boychuk.
10:39 of 2nd period - Shot Blocked by Jason Demers.
10:41 of 2nd period - Shot by Jay Bouwmeester.
10:41 of 2nd period - Stopped by Craig Anderson without a rebound.
10:42 of 2nd period - Jay McClement wins face-off versus Brandon Bollig in BlackHawks zone.
10:45 of 2nd period - Shot by Jay McClement.
10:45 of 2nd period - Shot Misses the Net.
10:47 of 2nd period - Shot by Jay McClement.
10:47 of 2nd period - Stopped by Craig Anderson without a rebound.
10:48 of 2nd period - Jay McClement wins face-off versus Ryan OReilly in BlackHawks zone.
11:12 of 2nd period - Icing by John-Michael Liles.
11:13 of 2nd period - Ryan OReilly wins face-off versus Jussi Jokinen in BlackHawks zone.
11:13 of 2nd period - Ryan OReilly is hit by Michael Raffl.
11:14 of 2nd period - Minor Penalty to Michael Raffl for Hooking.
11:15 of 2nd period - Rick Nash wins face-off versus Ryan OReilly in Blues zone.
11:20 of 2nd period - Ryan OReilly is hit by Rick Nash.
11:26 of 2nd period - Shot by Alex Galchenyuk.
11:26 of 2nd period - Shot Misses the Net.
12:22 of 2nd period - Shot by Jussi Jokinen.
12:22 of 2nd period - Deflect By Rick Nash.
12:22 of 2nd period - Shot Misses the Net.
12:24 of 2nd period - Shot by Jussi Jokinen.
12:24 of 2nd period - Shot Blocked by John-Michael Liles.
12:42 of 2nd period - Shot by Jason Chimera.
12:42 of 2nd period - Stopped by Antti Niemi without a rebound.
12:43 of 2nd period - Jay McClement wins face-off versus Jack Eichel in Blues zone.
13:04 of 2nd period - Shot by John Klingberg.
13:04 of 2nd period - Stopped by Antti Niemi without a rebound.
13:05 of 2nd period - Jay McClement wins face-off versus Artemi Panarin in Blues zone.
13:05 of 2nd period - Jay McClement is hit by Alex Galchenyuk.
13:11 of 2nd period - Alex Galchenyuk is hit by Marian Hossa and loses puck.
13:24 of 2nd period - Shot by Cal Clutterbuck.
13:24 of 2nd period - Stopped by Craig Anderson with a rebound.
13:28 of 2nd period - Shot by Nick Cousins.
13:28 of 2nd period - Stopped by Craig Anderson without a rebound.
13:28 of 2nd period - Minor Penalty to Adam McQuaid for Hooking.
13:29 of 2nd period - Ryan OReilly wins face-off versus Jussi Jokinen in BlackHawks zone.
13:48 of 2nd period - Shot by Jiri Hudler.
13:48 of 2nd period - Deflect By Jussi Jokinen.
13:48 of 2nd period - Shot Misses the Net.
13:50 of 2nd period - Shot by Jay Bouwmeester.
13:50 of 2nd period - Shot Misses the Net.
13:52 of 2nd period - Shot by Jussi Jokinen.
13:52 of 2nd period - Shot Blocked by Ryan OReilly.
13:54 of 2nd period - Shot by Jiri Hudler.
13:54 of 2nd period - Stopped by Craig Anderson without a rebound.
13:55 of 2nd period - Trevor Lewis wins face-off versus Mike Fisher in BlackHawks zone.
14:10 of 2nd period - Shot by Rick Nash.
14:10 of 2nd period - Shot Blocked by Willie Mitchell.
14:12 of 2nd period - Shot by Mike Fisher.
14:12 of 2nd period - Stopped by Craig Anderson without a rebound.
14:13 of 2nd period - Jussi Jokinen wins face-off versus Ryan OReilly in BlackHawks zone.
15:24 of 2nd period - Off-side.
15:25 of 2nd period - Mike Fisher wins face-off versus Ryan OReilly in neutral zone.
15:28 of 2nd period - Willie Mitchell is hit by Cal Clutterbuck.
16:09 of 2nd period - Shot by Jason Chimera.
16:09 of 2nd period - Shot Misses the Net.
16:20 of 2nd period - Icing by Matt Carle.
16:21 of 2nd period - Jack Eichel wins face-off versus Cal Clutterbuck in Blues zone.
16:24 of 2nd period - Shot by Michael McCarron.
16:24 of 2nd period - Shot Misses the Net.
16:28 of 2nd period - Shot by Alex Galchenyuk.
16:28 of 2nd period - Stopped by Antti Niemi without a rebound.
16:29 of 2nd period - Ryan OReilly wins face-off versus Jussi Jokinen in Blues zone.
18:11 of 2nd period - Shot by Rick Nash.
18:11 of 2nd period - Shot Blocked by John Klingberg.
18:13 of 2nd period - Shot by Matt Irwin.
18:13 of 2nd period - Stopped by Craig Anderson without a rebound.
18:14 of 2nd period - Brandon Bollig wins face-off versus Nick Cousins in BlackHawks zone.
18:14 of 2nd period - Brandon Bollig is hit by Jay McClement.
18:35 of 2nd period - Nick Cousins is hit by Adam McQuaid and loses puck.
18:40 of 2nd period - Shot by Jay McClement.
18:40 of 2nd period - Deflect By Cal Clutterbuck.
18:40 of 2nd period - Shot Misses the Net.
18:41 of 2nd period - Major / Game Misconduct Penalty to Adam McQuaid for Spearing.
18:41 of 2nd period - Adam McQuaid is ejected from game.
18:42 of 2nd period - Ryan OReilly wins face-off versus Rick Nash in BlackHawks zone.
19:02 of 2nd period - Shot by Rick Nash.
19:02 of 2nd period - Shot Misses the Net.
19:04 of 2nd period - Shot by Rick Nash.
19:04 of 2nd period - Shot Misses the Net.
19:43 of 2nd period - Shot by Matt Carle.
19:43 of 2nd period - Stopped by Craig Anderson without a rebound.
19:44 of 2nd period - Jussi Jokinen wins face-off versus Trevor Lewis in BlackHawks zone.
19:54 of 2nd period - Michael Raffl is hit by Dion Phaneuf and loses puck.
Goals for this period are 1 for Blues vs 1 for BlackHawks.
Shots for this period are 14 for Blues vs 9 for BlackHawks.

3rd period


0:01 of 3rd period - Mike Fisher wins face-off versus Ryan OReilly in neutral zone.
0:16 of 3rd period - Shot by Mike Fisher.
0:16 of 3rd period - Shot Misses the Net.
0:18 of 3rd period - Shot by Mike Fisher.
0:18 of 3rd period - Stopped by Craig Anderson without a rebound.
0:19 of 3rd period - Ryan OReilly wins face-off versus Jussi Jokinen in BlackHawks zone.
0:54 of 3rd period - Shot by Jussi Jokinen.
0:54 of 3rd period - Deflect By Jiri Hudler.
0:54 of 3rd period - Stopped by Craig Anderson without a rebound.
0:55 of 3rd period - Trevor Lewis wins face-off versus Mike Fisher in BlackHawks zone.
0:55 of 3rd period - Trevor Lewis is hit by Mike Fisher.
1:21 of 3rd period - Trevor Lewis is hit by Jay Bouwmeester and loses puck.
1:30 of 3rd period - Shot by Michael McCarron.
1:30 of 3rd period - Stopped by Antti Niemi without a rebound.
1:31 of 3rd period - Ryan OReilly wins face-off versus Jussi Jokinen in Blues zone.
1:52 of 3rd period - Shot by Michael Raffl.
1:52 of 3rd period - Stopped by Craig Anderson with a rebound.
1:54 of 3rd period - Shot by Jakub Kindl.
1:54 of 3rd period - Stopped by Craig Anderson without a rebound.
1:55 of 3rd period - Ryan OReilly wins face-off versus Mike Fisher in BlackHawks zone.
2:04 of 3rd period - Willie Mitchell is hit by Mike Fisher and loses puck.
2:19 of 3rd period - Shot by Marian Hossa.
2:19 of 3rd period - Shot Misses the Net.
2:21 of 3rd period - Shot by Johnny Boychuk.
2:21 of 3rd period - Shot Misses the Net.
3:59 of 3rd period - Shot by Jason Chimera.
3:59 of 3rd period - Stopped by Antti Niemi without a rebound.
4:00 of 3rd period - Jack Eichel wins face-off versus Jay McClement in Blues zone.
4:05 of 3rd period - Shot by Alex Galchenyuk.
4:05 of 3rd period - Shot Misses the Net.
4:07 of 3rd period - Shot by Jack Eichel.
4:07 of 3rd period - Stopped by Antti Niemi without a rebound.
4:08 of 3rd period - Nick Cousins wins face-off versus Brandon Bollig in Blues zone.
4:27 of 3rd period - Shot by Brandon Bollig.
4:27 of 3rd period - Shot Misses the Net.
4:44 of 3rd period - Off-side.
4:45 of 3rd period - Mike Fisher wins face-off versus Ryan OReilly in neutral zone.
5:10 of 3rd period - Icing by Rick Nash.
5:11 of 3rd period - Mike Fisher wins face-off versus Jack Eichel in Blues zone.
5:33 of 3rd period - Icing by Jack Eichel.
5:34 of 3rd period - Jack Eichel wins face-off versus Jussi Jokinen in BlackHawks zone.
5:34 of 3rd period - Jack Eichel is hit by Jussi Jokinen.
5:44 of 3rd period - Shot by Jack Eichel.
5:44 of 3rd period - Shot Misses the Net.
6:22 of 3rd period - Icing by Artemi Panarin.
6:23 of 3rd period - Ryan OReilly wins face-off versus Mike Fisher in BlackHawks zone.
6:29 of 3rd period - Minor Penalty to Johnny Boychuk for Hooking.
6:30 of 3rd period - Jay McClement wins face-off versus Alex Galchenyuk in Blues zone.
6:45 of 3rd period - Shot by John Klingberg.
6:45 of 3rd period - Shot Blocked by Rick Nash.
6:47 of 3rd period - Shot by Artemi Panarin.
6:47 of 3rd period - Stopped by Antti Niemi with a rebound.
6:53 of 3rd period - Shot by Artemi Panarin.
6:53 of 3rd period - Stopped by Antti Niemi with a rebound.
6:55 of 3rd period - Shot by Dion Phaneuf.
6:55 of 3rd period - Shot Misses the Net.
6:57 of 3rd period - Shot by John Klingberg.
6:57 of 3rd period - Stopped by Antti Niemi without a rebound.
6:58 of 3rd period - Jay McClement wins face-off versus Jack Eichel in Blues zone.
7:06 of 3rd period - Icing by Jason Chimera.
7:07 of 3rd period - Jack Eichel wins face-off versus Jay McClement in BlackHawks zone.
7:32 of 3rd period - Shot by John-Michael Liles.
7:32 of 3rd period - Shot Misses the Net.
7:34 of 3rd period - Shot by John-Michael Liles.
7:34 of 3rd period - Stopped by Antti Niemi without a rebound.
7:35 of 3rd period - Ryan OReilly wins face-off versus Rick Nash in Blues zone.
7:56 of 3rd period - Shot by John Klingberg.
7:56 of 3rd period - Shot Misses the Net.
8:49 of 3rd period - Shot by Deryk Engelland.
8:49 of 3rd period - Shot Blocked by Johnny Boychuk.
9:57 of 3rd period - Minor Penalty to Mark Borowiecki for Holding.
9:58 of 3rd period - Ryan OReilly wins face-off versus Jay McClement in Blues zone.
10:04 of 3rd period - Ryan OReilly is hit by Matt Carle and loses puck.
10:23 of 3rd period - Shot by Ryan OReilly.
10:23 of 3rd period - Stopped by Antti Niemi without a rebound.
10:24 of 3rd period - Jack Eichel wins face-off versus Rick Nash in Blues zone.
10:47 of 3rd period - Shot by Jason Demers.
10:47 of 3rd period - Stopped by Antti Niemi with a rebound.
10:49 of 3rd period - Shot by John-Michael Liles.
10:49 of 3rd period - Shot Misses the Net.
10:51 of 3rd period - Shot by Jason Demers.
10:51 of 3rd period - Shot Misses the Net.
10:53 of 3rd period - Shot by Tom Wilson.
10:53 of 3rd period - Stopped by Antti Niemi with a rebound.
11:13 of 3rd period - Dion Phaneuf is hit by Marian Hossa and loses puck.
11:46 of 3rd period - Shot by Ryan OReilly.
11:46 of 3rd period - Goal by Ryan OReilly - Blues : 3 - BlackHawks : 4.
11:47 of 3rd period - Jussi Jokinen wins face-off versus Trevor Lewis in neutral zone.
11:58 of 3rd period - Shot by Jussi Jokinen.
11:58 of 3rd period - Shot Misses the Net.
12:00 of 3rd period - Shot by Jay Bouwmeester.
12:00 of 3rd period - Stopped by Craig Anderson without a rebound.
12:01 of 3rd period - Jack Eichel wins face-off versus Nick Cousins in BlackHawks zone.
12:07 of 3rd period - Dion Phaneuf is hit by Nick Cousins.
12:17 of 3rd period - Shot by Michael McCarron.
12:17 of 3rd period - Shot Blocked by Jay Bouwmeester.
13:29 of 3rd period - Willie Mitchell is hit by Michael Raffl and loses puck.
13:41 of 3rd period - Minor Penalty to Adam Cracknell for Holding.
13:42 of 3rd period - Artemi Panarin wins face-off versus Rick Nash in Blues zone.
13:47 of 3rd period - Shot by John Klingberg.
13:47 of 3rd period - Shot Blocked by Johnny Boychuk.
13:49 of 3rd period - Shot by Jason Chimera.
13:49 of 3rd period - Goal by Jason Chimera - Blues : 3 - BlackHawks : 5.
13:50 of 3rd period - Nick Cousins wins face-off versus Brandon Bollig in neutral zone.
14:05 of 3rd period - Shot by Nick Cousins.
14:05 of 3rd period - Shot Misses the Net.
14:09 of 3rd period - Shot by Nick Cousins.
14:09 of 3rd period - Shot Misses the Net.
14:59 of 3rd period - Shot by Mike Fisher.
14:59 of 3rd period - Shot Blocked by John-Michael Liles.
15:21 of 3rd period - Shot by Jiri Hudler.
15:21 of 3rd period - Shot Misses the Net.
15:23 of 3rd period - Shot by Michael Raffl.
15:23 of 3rd period - Deflect By Jiri Hudler.
15:23 of 3rd period - Stopped by Craig Anderson with a rebound.
15:31 of 3rd period - Shot by Jiri Hudler.
15:31 of 3rd period - Stopped by Craig Anderson without a rebound.
15:32 of 3rd period - Jack Eichel wins face-off versus Nick Cousins in BlackHawks zone.
15:32 of 3rd period - Jack Eichel is hit by Cal Clutterbuck.
16:02 of 3rd period - Shot by Cal Clutterbuck.
16:02 of 3rd period - Shot Misses the Net.
16:04 of 3rd period - Shot by Jay McClement.
16:04 of 3rd period - Stopped by Craig Anderson without a rebound.
16:05 of 3rd period - Jussi Jokinen wins face-off versus Brandon Bollig in BlackHawks zone.
16:12 of 3rd period - Shot by Jiri Hudler.
16:12 of 3rd period - Shot Blocked by Willie Mitchell.
16:14 of 3rd period - Shot by Johnny Boychuk.
16:14 of 3rd period - Stopped by Craig Anderson without a rebound.
16:15 of 3rd period - Brandon Bollig wins face-off versus Mike Fisher in BlackHawks zone.
16:45 of 3rd period - Shot by Rick Nash.
16:45 of 3rd period - Shot Misses the Net.
16:47 of 3rd period - Shot by Mike Fisher.
16:47 of 3rd period - Stopped by Craig Anderson without a rebound.
16:48 of 3rd period - Jussi Jokinen wins face-off versus Ryan OReilly in BlackHawks zone.
16:57 of 3rd period - Shot by Jiri Hudler.
16:57 of 3rd period - Shot Blocked by Jason Demers.
16:59 of 3rd period - Shot by Jussi Jokinen.
16:59 of 3rd period - Stopped by Craig Anderson with a rebound.
17:01 of 3rd period - Shot by Jussi Jokinen.
17:01 of 3rd period - Stopped by Craig Anderson without a rebound.
17:02 of 3rd period - Jay McClement wins face-off versus Jack Eichel in BlackHawks zone.
17:15 of 3rd period - Shot by Matt Irwin.
17:15 of 3rd period - Stopped by Craig Anderson without a rebound.
17:16 of 3rd period - Ryan OReilly wins face-off versus Mike Fisher in BlackHawks zone.
17:30 of 3rd period - Off-side.
17:31 of 3rd period - Jack Eichel wins face-off versus Jussi Jokinen in neutral zone.
17:33 of 3rd period - Minor Penalty to Michael McCarron for Interference.
17:33 of 3rd period - Minor Penalty to Jussi Jokinen for Roughing.
17:34 of 3rd period - Alex Galchenyuk wins face-off versus Rick Nash in neutral zone.
17:38 of 3rd period - Artemi Panarin is hit by Johnny Boychuk and loses puck.
17:59 of 3rd period - Shot by Rick Nash.
17:59 of 3rd period - Stopped by Craig Anderson with a rebound.
18:08 of 3rd period - Rick Nash is hit by Dion Phaneuf and loses puck.
18:18 of 3rd period - Marian Hossa is hit by Dion Phaneuf and loses puck.
19:27 of 3rd period - Jack Eichel is hit by Mark Borowiecki and loses puck.
Goals for this period are 0 for Blues vs 2 for BlackHawks.
Shots for this period are 14 for Blues vs 12 for BlackHawks.